Map: Eindringling LE

Players

Wadiz

  • Race: Terran Terran
  • League: Diamond
  • Spawn Location: 5:00

Panda - Winner!

  • Race: Zerg Zerg
  • League: Diamond
  • Spawn Location: 11:00

VOD

Have the link to the VOD?

Description

Time

  • Played on: Sept. 9, 2017, 5:44 p.m.
  • Length: 4:56
Show
View Real Time Build Order
Export as new Build Order

Wadiz Terran 

Build Orders: Reaper Expand 

Get SALT Encoding   

  12  0:00  SCV  
  13  0:13  SCV  
  14  0:17  Supply Depot  
  14  0:25  SCV  
  15  0:38  SCV  
  15  0:40  Barracks  
  16  0:44  Refinery  
  16  0:51  SCV  
  17  1:03  SCV  
  18  1:15  SCV  
  19  1:27  Reaper  
  19  1:28  Orbital Command  
  20  1:42  Command Center  
  20  1:54  Barracks  
  20  1:56  SCV  
  20  1:59  Barracks Reactor  
  16  2:36  Supply Depot  
  15  2:39  Marine x2  
  17  2:54  Barracks Reactor  
  17  2:59  SCV  
  17  3:02  Factory  
  18  3:25  Marine  
  20  3:29  Supply Depot, Marine  
  20  3:31  Supply Depot  
  20  3:37  Supply Depot  
  19  3:45  Marine x2  
  19  3:47  Marine  
  7  4:02  Marine  
  7  4:03  Marine  
  7  4:08  Marine  
  7  4:09  SCV  
  6  4:17  Hellion  
  6  4:20  Marine x2  
Show
View Real Time Build Order
Export as new Build Order

Panda Zerg - Winner!

Build Orders: Pool Only 

Get SALT Encoding   

  12  0:01  Drone  
  13  0:20  Extractor  
  12  0:24  Spawning Pool  
  11  0:32  Drone  
  11  0:34  Drone  
  13  0:37  Drone  
  14  0:46  Overlord  
  14  1:12  Zergling x4  
  14  1:15  Queen, Zergling x2  
  19  1:25  Metabolic Boost  
  19  1:29  Zergling x2  
  20  1:36  Zergling x2  
  21  1:49  Baneling Nest  
  20  1:55  Overlord  
  20  1:58  Zergling x2  
  20  2:21  Zergling x4  
  22  2:29  Zergling x6  
  24  2:40  Baneling  
  23  2:54  Zergling x4  
  25  3:05  Zergling x6  
  24  3:16  Zergling x4  
  24  3:17  Baneling x3  
  24  3:18  Baneling x3  
  26  3:27  Zergling x2  
  24  3:42  Zergling x2  
  24  3:54  Zergling x8  
  27  4:01  Zergling x2  
  26  4:13  Zergling x2  
Tags
 
Add a new tag
Caveats
  • Supply blocks, unpowered buildings, or Contaminate may cause inaccurate times.
  • Supply counts are checked every 10 seconds.